 Dungeon Crawl Stone Soup version 0.26-b1-45-g23770d1d51 (webtiles) character file.

Game seed: 15373388386007940025

40234 sizableburger the Cruncher (level 14, -16/136 HPs)
             Began as an Ogre Ice Elementalist on Jan 6, 2021.
             Was a High Priest of Kikubaaqudgha.
             Demolished by Saint Roka
             ... wielding a +1 war axe of pain
              (18 damage)
             ... on level 2 of the Orcish Mines.
             The game lasted 01:27:22 (26810 turns).

sizableburger the Cruncher (Ogre Ice Elementalist) Turns: 26810, Time: 01:27:23

Health: -16/136    AC: 27    Str: 15    XL:     14   Next: 10%
Magic:  1/23       EV: 12    Int: 20    God:    Kikubaaqudgha [*****.]
Gold:   1556       SH:  0    Dex:  9    Spells: 8/26 levels left

rFire    . . .     SeeInvis .   t - +4 lajatang (elec)
rCold    . . .     Faith    .   (shield currently unavailable)
rNeg     . . .     Spirit   .   M - +0 steam dragon scales
rPois    .         Reflect  .   w - +2 hat
rElec    .         Harm     .   r - +1 cloak
rCorr    .         Rampage  .   (gloves unavailable)
Will     +....                  (boots unavailable)
Stlth    +.........             (no amulet)
HPRegen  0.32/turn              j - +4 ring of protection
MPRegen  0.18/turn              b - +4 ring of protection

@: icy armour, very slightly contaminated, invisible
A: large, unfitting armour, tough skin 1
a: Renounce Religion, Receive Corpses, Torment


You were on level 2 of the Orcish Mines.
You worshipped Kikubaaqudgha.
Kikubaaqudgha was extremely pleased with you.
You visited 3 branches of the dungeon, and saw 17 of its levels.

You collected 1556 gold pieces.

Inventory:

Hand Weapons
 t - a +4 lajatang of electrocution (weapon)
 K - a +5 quarterstaff of chaos
Armour
 r - a +1 cloak (worn)
 w - a +2 hat (worn)
 M - +0 steam dragon scales (worn)
Magical Staves
 C - an uncursed staff of death
Jewellery
 a - an uncursed ring of willpower
 b - a +4 ring of protection (right hand)
 j - a +4 ring of protection (left hand)
 s - an uncursed ring of fire
 y - an uncursed ring of positive energy
 E - an uncursed ring of flight
 G - an uncursed ring of magical power
Wands
 f - a wand of random effects (18)
 k - a wand of polymorph (6)
 v - a wand of enslavement (10)
 x - a wand of paralysis (5)
 D - a wand of flame (46)
 I - a wand of iceblast (5)
Scrolls
 c - a scroll of teleportation
 o - a scroll of remove curse
 p - a scroll of brand weapon
 B - a scroll of fog
 F - a scroll of fear
 J - a scroll of identify
 L - a scroll of holy word
Potions
 d - a potion of resistance
 e - 4 potions of lignification
 h - 2 potions of brilliance
 i - 6 potions of curing
 l - 3 potions of haste
 m - 2 potions of flight
 n - 2 potions of invisibility
 q - 2 potions of mutation
 u - 8 potions of might
 z - 4 potions of attraction
 H - a potion of ambrosia {unknown}


   Skills:
 - Level 8.2 Fighting
 - Level 1.1(1.3) Axes
 - Level 0.8(7.1) Maces & Flails
 + Level 11.9 Staves
 + Level 6.1 Dodging
 - Level 1.4 Stealth
 + Level 6.5 Spellcasting
 - Level 4.7 Hexes
 - Level 7.1 Summonings
 + Level 9.5 Necromancy
 - Level 11.0 Ice Magic


You had 8 spell levels left.
You knew the following spells:

 Your Spells              Type           Power        Failure   Level
a - Freeze                Ice            100%         1%          1
b - Frozen Ramparts       Ice            100%         1%          3
c - Ozocubu's Armour      Ice            50%          1%          3
d - Summon Ice Beast      Ice/Summ       43%          2%          4
e - Sublimation of Blood  Necr           22%          1%          2
f - Ensorcelled Hibernat  Hex/Ice        76%          1%          2
g - Vampiric Draining     Necr           22%          1%          3

Your spell library contained the following spells:

 Spells                   Type           Power        Failure   Level
 Animate Skeleton         Necr           88%          1%          1
 Corona                   Hex            27%          1%          1
 Pain                     Necr           100%         1%          1
 Animate Dead             Necr           22%          1%          4
 Dispel Undead            Necr           44%          1%          4
 Confusing Touch          Hex            25%          4%          3
 Tukima's Dance           Hex            25%          4%          3
 Agony                    Necr           44%          5%          5
 Excruciating Wounds      Necr           22%          5%          5
 Hailstorm                Conj/Ice       28%          10%         4
 Dazzling Flash           Conj/Hex       32%          11%         3
 Simulacrum               Ice/Necr       23%          22%         6
 Ignite Poison            Fire/Tmut/Pois 6%           30%         3
 Death Channel            Necr           22%          30%         6
 Borgnjor's Vile Clutch   Necr/Erth      12%          36%         5
 Fireball                 Conj/Fire      3%           95%         5
 Starburst                Conj/Fire      3%           100%        6
 Ignition                 Fire           3%           100%        8


Dungeon Overview and Level Annotations

Branches:
Dungeon (9/15)             Temple (0/1) D:7            Lair (6/6) D:8
 Shoals (0/4) Lair:4        Snake (0/4) Lair:3        Slime (0/5) Lair:6
    Orc (1/2) D:9

Altars:
Ashenzari
Fedhas
Kikubaaqudgha
Nemelex Xobeh
Ru
Trog
Uskayaw
Wu Jian
Xom
Zin
The Shining One
Beogh
Jiyva

Shops:
Orc:2 :

Annotations:
D:8 1 runed translucent door, Nolbo's ghost, novice FoEE
D:9 1 runed translucent door, Gadfly's ghost, novice TrGl
Orc:2 1 transporter, Blork the orc; Morgon's ghost, journeyman PaBe; Saint Roka


Innate Abilities, Weirdness & Mutations

You are too large for most types of armour.
You have tough skin. (AC +1)


Message History

Saint Roka is almost dead.
Your ice beast hits Saint Roka but does no damage.
Saint Roka calls down the wrath of Beogh upon your ice beast.
Your ice beast is smitten.
You completely miss Saint Roka.
Saint Roka is almost dead.
Your ice beast barely misses Saint Roka.
You barely miss Saint Roka.
Saint Roka is almost dead.
Saint Roka hits you with a +1 war axe of pain!
* * * LOW HITPOINT WARNING * * *
You writhe in agony.
* * * LOW HITPOINT WARNING * * *
Saint Roka hits your ice beast with a +1 war axe of pain!
Your ice beast dies!
You barely miss Saint Roka.
Saint Roka is almost dead.
Saint Roka hits you with a +1 war axe of pain!!
You die...
Kikubaaqudgha rasps: "You have failed me!
Welcome... death!"

##.##.......... #...##.##......
##..#####.....# # ###
##....##.....##. ##
##.########...).#......#.. .#
#....##...)......#.....#.. ###
##..............##........ #.##
##o#......o......#........
...#####...##.##@(#..#...........
..###.###.#####..(#####..#.....##
..#...)..####.##..(# #.#.....#.
..........#....##.## ##8.oo8#
.........#.....#.†.## #..... #
....)######.........# .#.....#.
.....####.###....(..# ......ooo
......##....)......## ....3ohoo
...................o8..


o...ooo.o You could see Saint Roka.

Vanquished Creatures
  Gastronok (Lair:1)
  A minotaur (Lair:5)
  A boulder beetle (Lair:6)
  2 hydras
  3 two-headed ogres
  An orc high priest (Orc:2)
  An orc knight (Orc:2)
  2 phantasmal warriors
  Pikel (D:7)
  Maurice (D:9)
  4 black mambas
  16 cane toads
  Maggie (D:8)
  4 komodo dragons
  A rime drake (Lair:5)
  4 trolls
  4 polar bears (Lair:6)
  4 hornets
  15 blink frogs
  9 spriggans
  10 yaks
  3 basilisks
  Grum (D:9)
  2 wargs (Orc:2)
  5 water moccasins
  15 orc warriors
  3 sky beasts
  4 ice beasts
  8 black bears
  8 ogres
  4 boggarts (Lair:6)
  19 wolves
  18 bullfrogs
  4 scorpions
  8 killer bees
  A bullfrog zombie (D:7)
  A quasit (D:8)
  A centaur skeleton (D:4)
  9 orc priests
  5 hounds
  2 jellies
  13 orc wizards
  3 iguanas
  Crazy Yiuf (D:3)
  Natasha (thrice) (D:4)
  5 worker ants
  9 gnolls
  9 adders
  2 shadow imps
  A white imp (D:7)
  An ufetubus (D:6)
  3 oozes
  2 adder zombies (D:9)
  An adder skeleton (D:4)
  2 worms (D:4)
  3 dart slugs
  9 leopard geckos
  54 orcs
  7 giant cockroaches
  12 goblins
  9 hobgoblins
  9 jackals
  3 quokkas
  2 ball pythons
  3 bats
  5 frilled lizards
  A giant cockroach zombie (D:5)
  8 kobolds
  A leopard gecko skeleton (D:4)
  2 quokka skeletons (D:6)
  11 rats
401 creatures vanquished.

Vanquished Creatures (collateral kills)
  The ghost of sizableburger the Fighter, a journeyman OgIE of Kikubaaqudgha (Lair:5)
  6 hydras
  A boulder beetle (Lair:6)
  3 spriggans (Lair:6)
  An orc knight (Orc:1)
  2 cane toads (Lair:6)
  2 polar bears (Lair:6)
  A hornet (Lair:6)
  A water moccasin (Lair:6)
  A black bear (Lair:6)
  An ice beast (D:9)
  3 wolves (Lair:6)
23 creatures vanquished.

Vanquished Creatures (others)
  66 fungi
  57 plants
123 creatures vanquished.

Grand Total: 547 creatures vanquished

Notes
Turn   | Place    | Note
-------+----------+-------------------------------------------
     0 | D:1      | sizableburger the Ogre Ice Elementalist began the quest for
                  | the Orb.
     0 | D:1      | Reached XP level 1. HP: 16/16 MP: 3/3
   394 | D:1      | Reached skill level 1 in Fighting
   415 | D:1      | Reached XP level 2. HP: 26/27 MP: 2/5
  1092 | D:1      | Reached XP level 3. HP: 33/35 MP: 1/7
  1172 | D:2      | Learned a level 3 spell: Frozen Ramparts
  1176 | D:2      | Learned a level 3 spell: Ozocubu's Armour
  1553 | D:2      | Reached XP level 4. HP: 42/42 MP: 5/8
  2147 | D:3      | Found a runed translucent door.
  2148 | D:3      | Noticed Crazy Yiuf
  2155 | D:3      | Killed Crazy Yiuf
  2156 | D:3      | Reached skill level 1 in Axes
  2156 | D:3      | Reached XP level 5. HP: 48/51 MP: 0/10
  2306 | D:3      | Found a faded altar of an unknown god.
  2500 | D:3      | Found a sacrificial altar of Ru.
  2550 | D:3      | Noticed a sky beast
  2570 | D:3      | Killed a sky beast
  2571 | D:3      | Reached skill level 1 in Staves
  2571 | D:3      | Reached XP level 6. HP: 54/62 MP: 2/12
  3416 | D:4      | Found a sparkling altar of Nemelex Xobeh.
  3510 | D:4      | Noticed a black bear
  3516 | D:4      | Learned a level 4 spell: Summon Ice Beast
  3519 | D:4      | Killed a black bear
  3520 | D:4      | Reached XP level 7. HP: 71/71 MP: 6/13
  3733 | D:4      | Reached skill level 5 in Ice Magic
  3773 | D:4      | Found a glowing golden altar of the Shining One.
  3974 | D:4      | Noticed Natasha
  3980 | D:4      | Killed Natasha
  3981 | D:4      | Reached skill level 5 in Fighting
  3981 | D:4      | Reached skill level 5 in Spellcasting
  4049 | D:4      | Found an ornate altar of the Wu Jian Council.
  4107 | D:4      | Noticed Natasha
  4108 | D:4      | Found a hide-covered altar of Uskayaw.
  4127 | D:4      | Killed Natasha
  4202 | D:4      | Noticed Natasha
  4208 | D:4      | Killed Natasha
  4404 | D:5      | Entered Level 5 of the Dungeon
  4436 | D:5      | Found a broken altar of Ashenzari.
  4581 | D:5      | Reached skill level 1 in Summonings
  4714 | D:5      | Reached XP level 8. HP: 70/80 MP: 12/15
  5556 | D:6      | Identified a scroll of acquirement
  5556 | D:6      | Acquired a +0 lajatang of electrocution
  5743 | D:6      | Found a blossoming altar of Fedhas.
  5756 | D:6      | Reached XP level 9. HP: 76/88 MP: 10/16
  5797 | D:5      | Found an ancient bone altar of Kikubaaqudgha.
  5802 | D:5      | Became a worshipper of Kikubaaqudgha
  5908 | D:6      | Found a sparkling altar of Nemelex Xobeh.
  6217 | D:7      | Reached skill level 5 in Staves
  6284 | D:7      | Noticed Pikel
  6293 | D:7      | Killed Pikel
  6380 | D:7      | Found a glowing silver altar of Zin.
  6467 | D:7      | Found a sparkling altar of Nemelex Xobeh.
  6527 | D:7      | Found a staircase to the Ecumenical Temple.
  6954 | D:8      | Noticed a phantasmal warrior
  6955 | D:8      | Noticed a freezing wraith
  6955 | D:8      | Noticed a phantasmal warrior
  6994 | D:7      | Killed a phantasmal warrior
  7292 | D:8      | Reached * piety under Kikubaaqudgha
  7292 | D:8      | Identified Kikubaaqudgha's Incunabulum of Stolen Souls
                  | (Kikubaaqudgha gifted it to you on level 8 of the Dungeon)
  7292 | D:8      | Received a gift from Kikubaaqudgha
  7486 | D:8      | Reached skill level 1 in Necromancy
  7486 | D:8      | Reached XP level 10. HP: 97/102 MP: 9/17
  7575 | D:8      | Reached skill level 5 in Summonings
  7859 | D:8      | Found a runed translucent door.
  7859 | D:8      | Found a shimmering altar of Xom.
  7859 | D:8      | Noticed a +4 whip of chaos
  7859 | D:8      | Noticed Nolbo's ghost (novice FoEE)
  8124 | D:8      | Noticed a death knight
  8124 | D:8      | Noticed a phantasmal warrior
  8158 | D:8      | Killed a phantasmal warrior
  8594 | D:8      | Found a staircase to the Lair.
  8600 | Lair:1   | Entered Level 1 of the Lair of Beasts
  8659 | Lair:1   | Noticed a six-headed hydra
  8702 | Lair:1   | Killed a six-headed hydra
  8871 | Lair:1   | Noticed a cane toad
  8878 | Lair:1   | Killed a cane toad
  9080 | Lair:1   | Reached ** piety under Kikubaaqudgha
  9296 | D:8      | Reached XP level 11. HP: 104/111 MP: 18/18
 10493 | Lair:1   | Noticed Gastronok
 10527 | Lair:1   | Killed Gastronok
 10528 | Lair:1   | Reached skill level 5 in Necromancy
 10781 | Lair:1   | Learned a level 2 spell: Sublimation of Blood
 10784 | Lair:1   | Learned a level 2 spell: Ensorcelled Hibernation
 10946 | Lair:2   | Reached skill level 1 in Hexes
 10952 | Lair:2   | Noticed a five-headed hydra
 10996 | Lair:2   | Killed a five-headed hydra
 11697 | Lair:2   | Found a bloodstained altar of Trog.
 12563 | Lair:3   | Found a staircase to the Snake Pit.
 12985 | Lair:3   | Reached XP level 12. HP: 67/120 MP: 13/19
 13695 | Lair:3   | Noticed a four-headed hydra
 13739 | Lair:3   | Killed a five-headed hydra
 15071 | Lair:4   | Found a staircase to the Shoals.
 15140 | Lair:4   | Noticed a seven-headed hydra
 15150 | Lair:4   | Killed a seven-headed hydra
 15614 | Lair:5   | Noticed sizableburger's ghost (journeyman OgIE)
 15614 | Lair:5   | Noticed a four-headed hydra
 15615 | Lair:5   | Noticed a minotaur
 15713 | Lair:5   | Noticed a five-headed hydra
 15869 | Lair:5   | Noticed a five-headed hydra
 15878 | Lair:4   | Killed a five-headed hydra
 15879 | Lair:4   | Reached skill level 10 in Staves
 16144 | Lair:4   | Killed a five-headed hydra
 16145 | Lair:4   | Reached skill level 10 in Ice Magic
 16483 | Lair:4   | Learned a level 3 spell: Vampiric Draining
 16602 | Lair:5   | Found a runed translucent gate.
 16603 | Lair:5   | Found a runed translucent gate.
 16604 | Lair:5   | Found a runed translucent gate.
 17287 | Lair:5   | Killed a minotaur
 17488 | Lair:5   | Killed sizableburger's ghost
 17612 | Lair:6   | Entered Level 6 of the Lair of Beasts
 17845 | Lair:5   | Killed a four-headed hydra
 17846 | Lair:5   | Reached XP level 13. HP: 104/127 MP: 10/20
 17921 | Lair:6   | Paralysed by a hornet for 1 turns
 19565 | Lair:6   | Reached *** piety under Kikubaaqudgha
 19565 | Lair:6   | Identified Kikubaaqudgha's Guide on Darkness (Kikubaaqudgha
                  | gifted it to you on level 6 of the Lair of Beasts)
 19565 | Lair:6   | Received a gift from Kikubaaqudgha
 19821 | Lair:6   | Found a glowing golden altar of the Shining One.
 20703 | Lair:6   | Found a viscous altar of Jiyva.
 20704 | Lair:6   | Found a staircase to the Slime Pits.
 21003 | Lair:6   | Reached skill level 5 in Dodging
 22619 | D:9      | Found a staircase to the Orcish Mines.
 22848 | D:9      | Noticed Gadfly's ghost (novice TrGl)
 22849 | D:9      | Found a runed translucent door.
 22912 | D:9      | Reached **** piety under Kikubaaqudgha
 22944 | D:9      | Noticed Maurice
 22944 | D:9      | Noticed Maggie
 22946 | D:9      | Noticed Grum
 22961 | D:8      | Killed Maggie
 23529 | D:9      | Killed Grum
 23540 | D:9      | Killed Maurice
 23712 | D:9      | Found a shimmering altar of Xom.
 23712 | D:9      | Found a shimmering altar of Xom.
 23713 | D:9      | Found a shimmering altar of Xom.
 23713 | D:9      | Found a shimmering altar of Xom.
 24115 | D:9      | Found a shimmering altar of Xom.
 24124 | D:9      | Found a shimmering altar of Xom.
 24228 | Orc:1    | Entered Level 1 of the Orcish Mines
 24714 | Orc:1    | Reached ***** piety under Kikubaaqudgha
 25163 | Orc:1    | Reached XP level 14. HP: 125/136 MP: 17/23
 25271 | Orc:1    | You fall into a shaft and drop 1 floor!
 25271 | Orc:2    | Entered Level 2 of the Orcish Mines
 25271 | Orc:2    | Found a roughly hewn altar of Beogh.
 25271 | Orc:2    | Found Jesaw's Book Boutique.
 25271 | Orc:2    | Noticed Saint Roka
 25272 | Orc:2    | Noticed Blork the orc
 25272 | Orc:2    | Paralysed by an orc sorcerer for 6 turns
 25880 | Orc:2    | Found a transporter.
 25885 | Orc:2    | Noticed Morgon's ghost (journeyman PaBe)
 25920 | Orc:2    | Found a shimmering altar of Xom.
 26809 | Orc:2    | HP: 3/136 [Saint Roka/+1 war axe of pain (17)]
 26809 | Orc:2    | HP: 1/136 [Saint Roka/+1 war axe of pain (2)]
 26810 | Orc:2    | Demolished by Saint Roka

Illustrated notes

Levels and vault maps discovered:
D:1:      dpeg_arrival_ternary, layout_basic, minmay_unequal
D:2:      minmay_general_purpose_star, layout_basic
D:3:      layout_loops_ring, nicolae_ru_sacrificial_ziggurat,
          chequers_ecumenical_altar_simple_redux, uniq_crazy_yiuf_cottage
D:4:      layout_basic, lemuel_doored_altar, overflow_temple_1_default,
          nemelex_altar_shiori, nicolae_overflow_hidden_temple, uniq_natasha
D:5:      lemuel_upstairs_altar, layout_rooms, nicolae_overflow_crystal_walls,
          bh_walls_and_bars
D:6:      layout_cave_pools, basic_altar, fedhas_ov_isle_minmay
D:7:      layout_basic, minmay_temple_entry_statues_fountains, basic_altar,
          nemelex_spade_bored_becter, uniq_pikel
D:8:      layout_loops_ring, grunt_lair_entry_orc_guard_hut, ebering_ghost_xom
D:9:      layout_loops_cross, david_orc_2, enter_bailey_7,
          hellmonk_ghost_happy_afterlife, xom_shifter_show, uniq_maurice,
          uniq_grum, uniq_maggie
Lair:1:   layout_small_grid, beast_lair_carwin_11, uniq_gastronok
Lair:2:   layout_layer_cave, basic_altar
Lair:3:   layout_cave_pods, dummy_snake_entry
Lair:4:   layout_hall_layers, elwin_shoals_entry_rocks, lemuel_fruit_tree
Lair:5:   layout_regular_city, maelrawn_ghost_gauntlet_escape
Lair:6:   minmay_lair_end_enchanted_forest, layout_regular_city,
          dpeg_slime_entry_enclosed_altar, basic_altar
Orc:1:    layout_caves
Orc:2:    grunt_orc_cross, layout_caves, gammafunk_ghost_smash,
          hangedman_feature_mirror

Skill      XL: |  1  2  3  4  5  6  7  8  9 10 11 12 13 14 |
---------------+-------------------------------------------+-----
Fighting       | 1 2 3 4 5 7 8 |  8.2
Spellcasting   | 3 4 5 6 |  6.5
Ice Magic      | 4 5 6 7 8 9 10 11 | 11.0
Axes           | 1 |  1.1
Staves         | 1 2 3 4 6 7 9 10 11 | 11.9
Dodging        | 2 3 4 5 6 |  6.1
Summonings     | 1 3 4 6 7 |  7.1
Necromancy     | 1 3 6 7 9 |  9.5
Hexes          | 2 4 |  4.7
Maces & Flails | |  0.8
Stealth        | |  1.4

Action                   |  1- 3 |  4- 6 |  7- 9 | 10-12 | 13-15 || total
-------------------------+-------+-------+-------+-------+-------++-------
Melee: Unarmed           |    12 |       |       |       |       ||    12
       Mace              |     1 |       |       |       |       ||     1
       Hand axe          |       |     3 |       |       |       ||     3
       Quarterstaff      |       |    40 |   105 |       |       ||   145
       Lajatang          |       |       |    92 |   244 |   360 ||   696
 Cast: Freeze            |    56 |    26 |     3 |    12 |       ||    97
       Frozen Ramparts   |     1 |    11 |    34 |    56 |    37 ||   139
       Ozocubu's Armour  |       |     3 |     9 |    25 |    28 ||    65
       Summon Ice Beast  |       |       |       |    20 |    26 ||    46
       Ensorcelled Hiber |       |       |       |    11 |     1 ||    12
       Sublimation of Bl |       |       |       |     1 |     8 ||     9
       Vampiric Draining |       |       |       |       |    38 ||    38
Evoke: Wand              |       |       |       |     1 |       ||     1
  Use: Scroll            |       |    10 |    11 |    16 |     4 ||    41
       Potion            |       |       |     2 |     3 |     7 ||    12
 Stab: Paralysed         |       |       |     1 |       |       ||     1
       Sleeping          |       |       |     2 |     3 |     1 ||     6
       Confused          |       |       |     1 |       |       ||     1
       Petrified         |       |       |     1 |       |       ||     1
       Distracted        |       |       |       |     1 |     3 ||     4
Armor: Robe              |    26 |    46 |    93 |   177 |   161 ||   503
       Steam dragon scal |       |       |       |       |    54 ||    54
Dodge: Dodged            |    33 |    36 |    99 |   151 |   240 ||   559
